 Dungeon Crawl Stone Soup version 0.30-a0-4-ga7cffc901d (webtiles) character file.

Game seed: 10743202848201118552

17 drpainis the Caller (level 2, -1/19 HPs)
             Began as a Merfolk Summoner on Aug 20, 2022.
             Slain by a quokka (3 damage)
             ... on level 1 of the Dungeon on Aug 21, 2022.
             The game lasted 00:01:04 (717 turns).

drpainis the Caller (Merfolk Summoner)               Turns: 717, Time: 00:01:04

Health: -1/19      AC:  2    Str:  8    XL:     2   Next: 62%
Magic:  3/5        EV: 12    Int: 14    God:
Gold:   8          SH:  0    Dex: 14    Spells: 4/5 levels left

rFire   . . .      SeeInvis .    (no weapon)
rCold   . . .      Faith    .    (no shield)
rNeg    . . .      Spirit   .    a - +0 robe
rPois   .          Reflect  .    (no helmet)
rElec   .          Harm     .    (no cloak)
rCorr   .          Rampage  .    (no gloves)
Will    .....                    (no boots)
Stlth   ++........               (no amulet)
HPRegen 0.06/turn                (no ring)
MPRegen 0.09/turn                (no ring)

@: no status effects
A: (nimble swimmer 2), mertail
a: no special abilities


You were on level 1 of the Dungeon.
You visited 1 branch of the dungeon, and saw 1 of its levels.

You collected 8 gold pieces.

Inventory:

Armour
 a - a +0 robe (worn)
Scrolls
 c - 5 scrolls of identify {unknown}
 d - a scroll of poison {unknown}
Potions
 b - a potion of magic
 e - a potion of brilliance {unknown}
 f - a potion of invisibility {unknown}
 g - a potion of flight {unknown}


   Skills:
 + Level 2.7 Dodging
 + Level 2.4 Stealth
 + Level 2.0 Spellcasting
 + Level 4.6 Summonings


You had 4 spell levels left.
You knew the following spells:

 Your Spells              Type           Power      Damage    Failure   Level
a - Summon Small Mammal   Summ           56%        N/A       3%          1

Your spell library contained the following spells:

 Spells                   Type           Power      Damage    Failure   Level
 Call Imp                 Summ           14%        N/A       5%          2
 Call Canine Familiar     Summ           14%        N/A       11%         3
 Summon Guardian Golem    Hex/Summ       7%         N/A       28%         3
 Summon Lightning Spire   Summ/Air       7%         N/A       67%         4


Dungeon Overview and Level Annotations

Branches:
Dungeon (1/15)

Altars:


Innate Abilities, Weirdness & Mutations

((You are very nimble when in or above water. (Stealth+, EV+, Speed+++)))
Your lower body shifts to a powerful aquatic tail in water.


Message History

Your bat barely misses the quokka.
The quokka completely misses your bat.
Your bat barely misses the quokka.
You see here a dart slug corpse.
Your bat closely misses the quokka.
The quokka attacks as you move away! The quokka closely misses you.
The kobold misses your bat. The quokka attacks as you move away!
The quokka barely misses you.
Your bat closely misses the quokka.
The quokka barely misses your bat.
The kobold hits your bat with a +2 whip of holy wrath.
Your bat dies!
Your bat's corpse disappears in a puff of smoke!
The quokka closely misses you.
There is an open door here.
The quokka attacks as you move away!
The quokka bites you but does no damage.
The quokka attacks as you move away! The quokka barely misses you.
The quokka misses you. The quokka attacks as you move away!
The quokka barely misses you. The quokka attacks as you move away!
The quokka completely misses you.
Casting: Summon Small Mammal (safe; 3% risk of failure)
Confirm with . or Enter, or press ? or * to list all spells.
The quokka bites you.
* * * LOW HITPOINT WARNING * * *
You swap places.
The quokka barely misses your rat. The quokka barely misses you.
Your rat bites the quokka but does no damage.
The quokka barely misses your rat.
Your rat barely misses the quokka.
The quokka attacks as you move away! The quokka bites you.
* * * LOW HITPOINT WARNING * * *
Something bites your rat. x2
Your rat dies!
Your rat's corpse disappears in a puff of smoke!
The quokka closely misses you. The quokka closely misses you.
The quokka barely misses you. The quokka attacks as you move away!
The quokka closely misses you.
Casting: Summon Small Mammal (safe; 3% risk of failure)
Confirm with . or Enter, or press ? or * to list all spells.
The quokka bites you.
You die...

#+#....# #...).##
##...## .#.#
##...########
[...####.....##....#
............##....#
#..###.......b...#
#.. #[....##....#
.####.##....rr@....#
.......#..K..#######
##........#
####....######
#........#
....#....###########
......##...........#
...#####
##K.........# ..#
#..........#


You could see 2 quokkas, a kobold and a friendly bat (summoned).

Vanquished Creatures (collateral kills)
  A gnoll (D:1)
  A dart slug (D:1)
  A bat (D:1)
  2 giant cockroaches (D:1)
  A ball python (D:1)
6 creatures vanquished.

Notes
Turn   | Place    | Note
-------+----------+-------------------------------------------
     0 | D:1      | drpainis the Merfolk Summoner began the quest for the Orb.
     0 | D:1      | Reached XP level 1. HP: 13/13 MP: 3/3
   256 | D:1      | Reached XP level 2. HP: 12/19 MP: 1/5
   649 | D:1      | Found a faded altar of an unknown god.
   717 | D:1      | Slain by a quokka

Illustrated notes

Levels and vault maps discovered:
D:1:      minmay_arrival_shattered_statue, layout_rooms,
          shapermc_ecumenical_altar_notcrosses

Action                   || total
-------------------------++-------
Melee: Unarmed           ||    18
       Punch             ||     1
 Cast: Summon Small Mamm ||    14
Armor: Robe              ||     6
Dodge: Dodged            ||    37

Table legend: (Time is in decaauts)
 A = Elapsed time spent in this place.
 B = Non-inter-level travel time spent in this place.
 C = Inter-level travel time spent in this place.
 D = Time resting spent in this place.
 E = Time spent auto-exploring this place.
 F = Levels seen in this place.
 G = Mean time per level.
                   A        B        C        D        E       F      G
               +--------+--------+--------+--------+--------+-----+--------+
         Total |    717 |    717 |      0 |    534 |     65 |   1 |  717.0 |
       Dungeon |    717 |    717 |      0 |    534 |     65 |   1 |  717.0 |
               +--------+--------+--------+--------+--------+-----+--------+

Top non-repeatable levels by time:
     D:1: 717 daAuts
